 Dungeon Crawl Stone Soup version 0.19.0-11-g3fc08b3 (webtiles) character file.

391 JeffiDaFish the Shield-Bearer (level 6, -4/38 HPs)
             Began as a Gargoyle Fighter on Nov 9, 2016.
             Slain by an ogre
             ... wielding a +0 giant club
              (15 damage)
             ... on level 4 of the Dungeon.
             The game lasted 00:07:08 (3606 turns).

JeffiDaFish the Shield-Bearer (Gargoyle Fighter)    Turns: 3606, Time: 00:07:08

Health: -4/38      AC: 11    Str: 22    XL:     6   Next: 80%
Magic:  6/6        EV:  8    Int:  8    God:
Gold:   158        SH: 11    Dex:  9    Spells: 0 memorised, 5 levels left

rFire  . . .     SeeInvis .     a - +1 flail
rCold  . . .     Gourm    .     b - +0 scale mail
rNeg   + . .     Faith    +     c - +2 shield
rPois  ∞         Spirit   .     (no helmet)
rElec  +         Reflect  .     (no cloak)
rCorr  .         Harm     .     (no gloves)
MR     .....                    (no boots)
Stlth  ..........               e - amulet of faith (curse)
                                (no ring)
                                (no ring)

@: no status effects
A: negative energy resistance 1, electricity resistance, unbreathing,
petrification resistance, rot immunity, AC +4
a: no special abilities


You were on level 4 of the Dungeon.
You were not hungry.

You visited 1 branch of the dungeon, and saw 4 of its levels.

You collected 158 gold pieces.

Inventory:

Hand Weapons
 a - a +1 flail (weapon)
Armour
 b - a +0 scale mail (worn)
 c - a +2 shield (worn)
Jewellery
 e - a cursed amulet of faith (around neck)
 o - an uncursed ring of fire
Scrolls
 g - 2 scrolls of identify
 k - a scroll of remove curse
 l - 5 scrolls of teleportation
 m - a scroll of magic mapping
Potions
 i - 2 potions of haste
 j - 2 potions of berserk rage
Books
 n - a book of Changes

   Spells                             Type                      Level
   a - Beastly Appendage              Transmutation                1
   b - Sticks to Snakes               Transmutation                2
   c - Spider Form                    Transmutation/Poison         3
   d - Ice Form                       Ice/Transmutation            4
   e - Blade Hands                    Transmutation                5
Comestibles
 f - 2 bread rations
 h - 3 meat rations
 p - 2 chunks of flesh


   Skills:
 + Level 4.1 Fighting
 + Level 4.7 Maces & Flails
 + Level 4.1 Armour
 + Level 1.2 Dodging
 + Level 1.2 Stealth
 + Level 4.8 Shields


You had 5 spell levels left.
You didn't know any spells.

Dungeon Overview and Level Annotations

Branches:
Dungeon (4/15)
 Temple: D:4-7

Altars:
Cheibriados
Gozag
Okawaru
Ru
Sif Muna
Zin
The Shining One


Innate Abilities, Weirdness & Mutations

You are resistant to torment.
Your stone body is resilient. (AC +4)
You are immune to poison.
You resist negative energy. (rN+)
You are resistant to electric shocks. (rElec)
You can survive without breathing.
You are immune to petrification.
You are immune to rotting.


Message History

You closely miss the ogre.
The ogre is moderately wounded.
The jackal bites you but does no damage.
The ogre hits you with a giant club!
* * * LOW HITPOINT WARNING * * *
You are too injured to fight recklessly!
You are too injured to fight recklessly!
You thump the ogre!
The ogre is severely wounded.
The jackal bites you but does no damage.
You block the ogre's attack.
The jackal bites you but does no damage.
Your shield prevents you from hitting the ogre.
The ogre is severely wounded.
You block the jackal's attack. The ogre barely misses you.
The jackal bites you but does no damage.
You hit the ogre.
The ogre is almost dead.
You block the jackal's attack. The ogre hits you with a giant club!
You die...

#########
####...$...#
......$....#
#####.......##### ##
......h@O........ ..
#####.......######
#.
#............######.
#.......###......##.
######### #....#.##.
#....÷.##.
#######.###.
#...###.....
#.........


You could see an ogre and a jackal.

Vanquished Creatures
  A howler monkey (D:4)
  An orc priest (D:3)
  2 orc wizards
  Crazy Yiuf (D:3)
  An iguana (D:4)
  A hound skeleton (D:4)
  8 adders
  4 gnolls (D:3)
  2 worms
  2 dart slugs
  2 leopard geckos
  7 orcs
  6 bats
  2 giant cockroaches
  8 goblins
  4 hobgoblins
  14 jackals
  4 quokkas
  A ball python (D:2)
  A frilled lizard (D:2)
  5 kobolds
  12 rats
89 creatures vanquished.

Notes
Turn   | Place    | Note
-------+----------+-------------------------------------------
     0 | D:1      | JeffiDaFish the Gargoyle Fighter began the quest for the Orb.
     0 | D:1      | Reached XP level 1. HP: 14/14 MP: 1/1
   128 | D:1      | Reached XP level 2. HP: 19/19 MP: 2/2
   846 | D:2      | Reached XP level 3. HP: 22/23 MP: 3/3
  1154 | D:2      | Reached XP level 4. HP: 21/28 MP: 4/4
  1530 | D:2      | Found an iron altar of Okawaru.
  1774 | D:3      | Found a runed door.
  1778 | D:3      | Noticed Crazy Yiuf
  1781 | D:3      | Killed Crazy Yiuf
  1781 | D:3      | Reached XP level 5. HP: 33/33 MP: 5/5
  2134 | D:3      | Found a deep blue altar of Sif Muna.
  2136 | D:3      | Found a sacrificial altar of Ru.
  2189 | D:3      | Reached skill level 1 in Stealth
  2196 | D:3      | Reached XP level 6. HP: 27/38 MP: 6/6
  2266 | D:3      | Found an opulent altar of Gozag.
  2408 | D:3      | Found a glowing silver altar of Zin.
  2993 | D:4      | Reached skill level 1 in Dodging
  3240 | D:4      | Found a snail-covered altar of Cheibriados.
  3240 | D:4      | Found a glowing golden altar of the Shining One.
  3606 | D:4      | Slain by an ogre

Skill      XL: |  1  2  3  4  5  6 |
---------------+-------------------+-----
Maces & Flails | 3 4 |  4.7
Shields        | 4 |  4.8
Stealth        | 1 |  1.2
Fighting       | 4 |  4.1
Armour         | 4 |  4.1
Dodging        | 1 |  1.2

Action                   |  1- 3 |  4- 6 || total
-------------------------+-------+-------++-------
Melee: Flail             |   106 |   224 ||   330
  Use: Scroll            |     8 |     4 ||    12
       Potion            |     4 |     7 ||    11
 Stab: Invisible         |       |     2 ||     2
  Eat: Chunk             |     1 |     7 ||     8
       Beef jerky        |       |     1 ||     1
Armor: Scale mail        |    50 |    97 ||   147
Dodge: Dodged            |    33 |    59 ||    92
Block: Shield            |    57 |   145 ||   202
